 Dungeon Crawl Stone Soup version 0.29-a0-298-g3c90f9a769 (webtiles) character file.

Game seed: 2520251331138319153

3522 Dabor the Thaumaturge (level 9, -4/40 HPs)
             Began as a Deep Elf Venom Mage on Mar 23, 2022.
             Was a Priest of Hepliaklqana.
             Slain by a wraith (6 damage)
             ... on level 7 of the Dungeon.
             The game lasted 00:15:58 (7517 turns).

Dabor the Thaumaturge (Deep Elf Venom Mage)         Turns: 7517, Time: 00:15:59

Health: -4/40      AC: 10    Str: 12    XL:     9   Next: 81%
Magic:  9/23       EV: 16    Int: 29    God:    Hepliaklqana [***...]
Gold:   386        SH:  0    Dex: 15    Spells: 16/25 levels left

rFire   . . .      SeeInvis .   s - +5 spear "Xitwits" {freeze, Str+7 Int+4}
rCold   . . .      Faith    .   (no shield)
rNeg    . . .      Spirit   .   z - +0 steam dragon scales
rPois   .          Reflect  .   k - +2 helmet
rElec   .          Harm     .   j - +1 cloak
rCorr   .          Rampage  .   (no gloves)
Will    .....                   (no boots)
Stlth   ++++......              (no amulet)
HPRegen 0.13/turn               (no ring)
MPRegen 0.18/turn               (no ring)

@: slowed, very slow
A: reduced essence
a: Renounce Religion, Recall Ancestor, Ancestor Identity, Transference


You were on level 7 of the Dungeon.
You worshipped Hepliaklqana.
Hepliaklqana was most pleased with you.
You visited 1 branch of the dungeon, and saw 7 of its levels.
You also visited: Sewer.

You collected 386 gold pieces.

Inventory:

Hand Weapons
 m - a +3 vorpal falchion
 s - the +5 spear "Xitwits" (weapon) {freeze, Str+7 Int+4}
   (You found it on level 3 of the Dungeon)

   It freezes those it strikes, dealing additional cold damage.
   It can also slow down cold-blooded creatures.
   Str:       It affects your strength (+7).
   Int:       It affects your intelligence (+4).
 t - the +1 scythe of Amorality {vorpal, rPois Will+ Str+4 Stlth+}
   (You found it on level 3 of the Dungeon)

   It inflicts extra damage upon your enemies.
   Str:       It affects your strength (+4).
   rPois:     It protects you from poison.
   Will:      It increases your willpower.
   Stlth:     It makes you more stealthy.
Missiles
 w - a throwing net
Armour
 a - a +0 robe
 j - a +1 cloak (worn)
 k - a +2 helmet (worn)
 z - +0 steam dragon scales (worn)
Wands
 g - a wand of mindburst (12)
 x - a wand of iceblast (9)
 y - a wand of polymorph (11)
Scrolls
 c - a scroll of amnesia {unknown}
 d - a scroll of identify
 e - 2 scrolls of teleportation
 i - a scroll of magic mapping
 n - a scroll of brand weapon
 o - 4 scrolls of enchant weapon
 q - a scroll of enchant armour
Potions
 b - a potion of magic
 f - 2 potions of cancellation {unknown}
 h - 3 potions of lignification {unknown}
 l - 3 potions of brilliance {unknown}
 p - a potion of haste {unknown}
 r - 2 potions of degeneration {unknown}
 u - 2 potions of heal wounds {unknown}
 v - a potion of curing


   Skills:
 + Level 7.9 Dodging
 + Level 8.5 Stealth
 + Level 8.8 Spellcasting
 + Level 6.9 Transmutations
 + Level 7.7 Poison Magic


You had 16 spell levels left.
You knew the following spells:

 Your Spells              Type           Power      Damage    Failure   Level
a - Sting                 Tmut/Pois      100%       1d8       1%          1
b - Poisonous Vapours     Pois/Air       70%        N/A       1%          2
c - Olgreb's Toxic Radia  Pois           55%        N/A       1%          4
d - Searing Ray           Conj           24%        2d5       6%          2

Your spell library contained the following spells:

 Spells                   Type           Power      Damage    Failure   Level
 Magic Dart               Conj           48%        1d5       4%          1
 Mephitic Cloud           Conj/Pois/Air  27%        N/A       4%          3
 Gell's Gravitas          Tloc           12%        N/A       13%         3
 Teleport Other           Tloc           12%        N/A       13%         3
 Fulminant Prism          Conj/Hex       6%         3d7       38%         4
 Dispersal                Tloc           6%         N/A       100%        6


Dungeon Overview and Level Annotations

Branches:
Dungeon (7/15)              Sewer (visited)
 Temple: D:4-7

Altars:
Cheibriados
Dithmenos
Hepliaklqana
Makhleb
Nemelex Xobeh
The Shining One


Message History

You hit the wraith but do no damage.
The wraith is heavily damaged.
The wraith hits you.
You feel better. The wraith closely misses you.
The wraith hits you but does no damage.
Okay, then.
You hit the wraith but do no damage.
The wraith is heavily damaged.
The wraith closely misses you.
You barely miss the wraith.
The wraith is heavily damaged.
The wraith hits you! The wraith misses you.
You hit the wraith but do no damage.
The wraith is heavily damaged.
The wraith closely misses you. The wraith barely misses you.
You barely miss the wraith.
The wraith is heavily damaged.
The wraith closely misses you.
You barely miss the wraith.
The wraith is heavily damaged.
The wraith hits you. The wraith drains your vigour!
You feel as though you will be slow longer.
The wraith closely misses you.
You hit the wraith but do no damage.
The wraith is heavily damaged.
The wraith hits you but does no damage. The wraith barely misses you.
You closely miss the wraith.
The wraith is heavily damaged.
The wraith hits you but does no damage.
You barely miss the wraith.
The wraith is heavily damaged.
The wraith barely misses you. The wraith hits you.
You hit the wraith but do no damage.
The wraith is heavily damaged.
The wraith hits you!
* * * LOW HITPOINT WARNING * * *
The wraith drains your vigour!
You feel as though you will be slow longer.
The wraith hits you.
You die...

#...........#........
........................
#+###...##......###+###..
...##..#<.....##.#.#.##.
...##.......##.#.#.#.##
#..####+####.#.#.#.#R#
#..#... #.#.#.#.#.#.
#)###.#.######.#.#.#.#.#
#..).W@...†'.#.#.#.#.#.
#(..).#.######.#.#.#.#.#
..###..#....[#R#.#.#.#.#.
#..####+####.#.#.#.#.#
#..# ##.#.#.#.## ..(#
##.#.#.## #+## ###+### .


You could see a wraith.

Vanquished Creatures
  A boulder beetle (D:7)
  A komodo dragon (D:7)
  Eustachio (D:4)
  2 water moccasins
  2 black bears
  2 ogres
  A phantom (D:6)
  A gnoll sergeant (D:7)
  3 killer bees (D:6)
  A howler monkey (D:6)
  3 orc priests
  A jelly (D:6)
  A hound (D:6)
  Jessica (D:3)
  4 iguanas
  Ijyb (D:4)
  3 orc wizards
  3 gnolls (D:4)
  3 adders
  A shadow imp (D:7)
  An ufetubus (D:5)
  A worm (D:2)
  16 orcs
  4 endoplasms
  6 giant cockroaches
  10 hobgoblins
  3 jackals (Sewer)
  5 quokkas
  7 ball pythons
  5 bats (D:1)
  13 goblins
  5 kobolds
  4 rats
116 creatures vanquished.

Vanquished Creatures (collateral kills)
  A steam dragon (D:7)
  An ice beast (D:5)
  A sky beast (D:5)
  2 centaurs (D:7)
  An ogre (D:5)
  A phantom (D:5)
  2 bullfrogs (D:7)
  A necrophage (D:4)
  A scorpion (D:4)
  A killer bee (D:6)
  A jelly (D:6)
  A hound (D:6)
  Crazy Yiuf (D:5)
  An orc wizard (D:5)
  2 iguanas (D:7)
  Robin (D:4)
  2 orcs (D:5)
  2 goblins (D:4)
23 creatures vanquished.

Vanquished Creatures (others)
  A knight (D:7)
1 creature vanquished.

Grand Total: 140 creatures vanquished

Notes
Turn   | Place    | Note
-------+----------+-------------------------------------------
     0 | D:1      | Dabor the Deep Elf Venom Mage began the quest for the Orb.
     0 | D:1      | Reached XP level 1. HP: 10/10 MP: 6/6
   305 | D:1      | Reached XP level 2. HP: 15/15 MP: 6/8
   882 | D:1      | Found a faded altar of an unknown god.
  1199 | D:1      | Prayed at the altar of an unknown god.
  1199 | D:1      | Became a worshipper of Hepliaklqana the Forgotten
  1199 | D:1      | Reached * piety under Hepliaklqana
  1762 | D:2      | Reached XP level 3. HP: 17/17 MP: 4/9
  2722 | D:3      | Reached ** piety under Hepliaklqana
  2940 | D:3      | Found a shadowy altar of Dithmenos.
  2988 | D:3      | Found a glowing drain.
  2995 | Sewer    | Entered a sewer
  3092 | Sewer    | Noticed a water moccasin
  3106 | Sewer    | Killed a water moccasin
  3107 | Sewer    | Reached XP level 4. HP: 21/21 MP: 2/12
  3107 | Sewer    | Reached XP level 5. HP: 25/25 MP: 2/13
  3300 | D:3      | Identified the +5 spear "Xitwits" {freeze, Str+7 Int+4}
  3368 | D:3      | Identified the +1 scythe of Amorality {vorpal, rPois Will+
                  | Str+4 Stlth+}
  3506 | D:3      | Noticed Jessica
  3511 | D:3      | Killed Jessica
  3754 | D:4      | Noticed Eustachio
  4151 | D:4      | Killed Eustachio
  4152 | D:4      | Reached XP level 6. HP: 12/28 MP: 1/15
  4248 | D:4      | Remembered your ancestor Tib as a knight
  4396 | D:3      | Learned a level 4 spell: Olgreb's Toxic Radiance
  4399 | D:3      | Learned a level 2 spell: Poisonous Vapours
  4402 | D:3      | Learned a level 2 spell: Searing Ray
  4484 | D:4      | Reached skill level 5 in Spellcasting
  4837 | D:4      | Reached XP level 7. HP: 18/32 MP: 1/16
  5034 | D:4      | Noticed Ijyb
  5042 | D:4      | Killed Ijyb
  5043 | D:4      | Reached skill level 5 in Poison Magic
  5047 | D:4      | Reached skill level 5 in Stealth
  5127 | D:4      | Reached skill level 5 in Dodging
  5183 | D:4      | Noticed Robin
  5186 | D:4      | Killed Robin
  5551 | D:5      | Entered Level 5 of the Dungeon
  5586 | D:5      | Reached *** piety under Hepliaklqana
  5716 | D:5      | Reached XP level 8. HP: 36/36 MP: 7/19
  5931 | D:5      | Found a burning altar of Makhleb.
  5931 | D:5      | Found a glowing golden altar of the Shining One.
  5971 | D:5      | Reached skill level 5 in Transmutations
  6030 | D:5      | Found a hazy altar of Hepliaklqana.
  6099 | D:5      | Found a sparkling altar of Nemelex Xobeh.
  6415 | D:5      | Found a runed translucent door.
  6416 | D:5      | Noticed Crazy Yiuf
  6566 | D:5      | Killed Crazy Yiuf
  6822 | D:6      | Found a snail-covered altar of Cheibriados.
  6853 | D:6      | Reached XP level 9. HP: 29/40 MP: 22/22
  7478 | D:7      | Noticed a komodo dragon
  7485 | D:7      | Killed a komodo dragon
  7486 | D:7      | Noticed a boulder beetle
  7497 | D:7      | Killed a boulder beetle
  7517 | D:7      | HP: 2/40 [wraith (11)]
  7517 | D:7      | Slain by a wraith

Illustrated notes

Levels and vault maps discovered:
D:1:      scummos_arrival_hexagon, layout_loops_corners,
          ebering_ecumenical_altar_sacrificial, kennysheep_decorative_pillar
D:2:      layout_loops_ring
D:3:      layout_loops_cross, mainiacjoe_overflow_alcove_2,
          gup_sewer_entry_pipe, chequers_serial_rivers_micro_b, uniq_jessica
D:4:      layout_gridville, uniq_eustachio, uniq_ijyb, uniq_robin
D:5:      cheibrodos_helix_gallery, layout_basic, mainiacjoe_overflow_alcove_4,
          nzn_hepliaklqana_mist_gate, gammafunk_temple_overflow_wave,
          serial_corexii_hall, corexii_hall_statues_t, corexii_hall_statues_i,
          uniq_crazy_yiuf_cottage
D:6:      layout_rooms, general_overflow_altar
D:7:      minmay_the_grid_octo_tiled_octocenter [minmay_the_grid_octo_pinwheel,
          minmay_the_grid_octo_checkered, minmay_the_grid_octo_fat_diamond,
          minmay_the_grid_octo_empty, minmay_the_grid_octo_prize_big_c,
          minmay_the_grid_square_5x5_three,
          minmay_the_grid_square_5x5_checkered,
          minmay_the_grid_square_5x5_minimal,
          minmay_the_grid_square_5x5_fancy_junction], layout_rooms,
          minmay_temple_entry_glass, lemuel_another_geyser

Skill      XL: |  1  2  3  4  5  6  7  8  9 |
---------------+----------------------------+-----
Stealth        | 3 4 5 7 8 |  8.5
Dodging        | 3 4 5 6 7 |  7.9
Transmutations | 2 3 4 5 6 |  6.9
Spellcasting   | 4 5 6 7 8 |  8.8
Poison Magic   | 4 5 6 7 |  7.7

Action                   |  1- 3 |  4- 6 |  7- 9 || total
-------------------------+-------+-------+-------++-------
Melee: Unarmed           |     4 |       |       ||     4
       Falchion          |     7 |     7 |       ||    14
       Spear             |       |     6 |    77 ||    83
 Cast: Sting             |   115 |    44 |    37 ||   196
       Olgreb's Toxic Ra |       |     9 |    19 ||    28
       Poisonous Vapours |       |     1 |     4 ||     5
Invok: Recall Ancestor   |       |     1 |       ||     1
       Ancestor Life: Kn |       |     1 |       ||     1
       Ancestor Identity |       |     1 |       ||     1
  Use: Potion            |     1 |       |     1 ||     2
       Scroll            |       |       |     9 ||     9
 Stab: Sleeping          |       |     2 |     5 ||     7
Armor: Robe              |    18 |    20 |    13 ||    51
       Steam dragon scal |       |       |     7 ||     7
Dodge: Dodged            |    44 |    48 |    43 ||   135

Table legend: (Time is in decaauts)
 A = Elapsed time spent in this place.
 B = Non-inter-level travel time spent in this place.
 C = Inter-level travel time spent in this place.
 D = Time resting spent in this place.
 E = Time spent auto-exploring this place.
 F = Levels seen in this place.
 G = Mean time per level.
                   A        B        C        D        E       F      G
               +--------+--------+--------+--------+--------+-----+--------+
         Total |   7560 |   7295 |    265 |    478 |   5525 |   8 |  945.0 |
       Dungeon |   7326 |   7061 |    265 |    478 |   5360 |   7 | 1046.6 |
         Sewer |    234 |    234 |      0 |      0 |    165 |   1 |  234.0 |
               +--------+--------+--------+--------+--------+-----+--------+

Top non-repeatable levels by time:
     D:4: 1437 daAuts
     D:2: 1392 daAuts
     D:3: 1302 daAuts
     D:1: 1213 daAuts
     D:5: 1058 daAuts
     D:6: 767 daAuts
   Sewer: 234 daAuts
     D:7: 156 daAuts
